cohdb
Replays
Latest Replays
All Replays
Popular Replays
Top Player Replays
Match Explorer
How It Works
Community
CoH3 Stats
Reddit
Sign in to upload your games and track your stats! →
Sign in with Steam
Match 41447582
Unlisted
Match 41447582
Overview
Messages
Build Orders
End
Selects Italian Combined Arms Battlegroup
Selects Bersaglieri Squad
Bersaglieri Squad
250 Light Carrier
Bersaglieri Squad
Selects Bersaglieri Bolster
Bersaglieri Squad
Construct Light Support Kompanie
Panzerjäger Squad
Selects Breda Model 30 Light Machine Guns
Panzerjäger Mechanized Group
Fire Support Elements
Veteran Squad Leaders
Construct Panzerarmee Kommand
Selects Semovente da 75/18 Assault Gun
Panzer III L Medium Tank
Vehicle Survival Package
Selects Strafing Run
Strafing Run
Emergency Repair Kits
FrodoBagginYa
trump2029
Vlavius
Alexem
0
0
Comments
sign in to comment!
No comments posted yet!